 Dungeon Crawl Stone Soup version 0.27.0 (webtiles) character file.

Game seed: 2083875549583793054

88 apoch the Poker (level 4, -1/38 HPs)
             Began as a Gnoll Wanderer on July 30, 2021.
             Was a Believer of Makhleb.
             Frozen to death by an endoplasm (4 damage)
             ... on level 3 of the Dungeon.
             The game lasted 00:03:25 (2631 turns).

apoch the Poker (Gnoll Wanderer)                    Turns: 2631, Time: 00:03:25

Health: -1/38      AC:  5    Str: 14    XL:     4   Next: 53%
Magic:  5/5        EV: 11    Int: 11    God:    Makhleb [**....]
Gold:   75         SH:  0    Dex: 10    Spells: 5/5 levels left

rFire    . . .     SeeInvis .   e - +0 long sword
rCold    . . .     Faith    .   (no shield)
rNeg     . . .     Spirit   .   m - +0 ring mail
rPois    .         Reflect  .   (no helmet)
rElec    .         Harm     .   (no cloak)
rCorr    .         Rampage  .   (no gloves)
Will     .....                  (no boots)
Stlth    ++........             (no amulet)
HPRegen  0.12/turn              (no ring)
MPRegen  0.09/turn              (no ring)

@: no status effects
A: fangs 1, strong nose, distributed training
a: Renounce Religion, Minor Destruction


You were on level 3 of the Dungeon.
You worshipped Makhleb.
Makhleb was pleased with you.
You visited 1 branch of the dungeon, and saw 3 of its levels.

You collected 75 gold pieces.

Inventory:

Hand Weapons
 a - a +0 spear
 d - a +0 dagger
 e - a +0 long sword (weapon)
Missiles
 h - 8 stones (quivered)
 j - 7 atropa-tipped darts
 o - 6 arrows
Armour
 b - a +2 leather armour
 m - a +0 ring mail (worn)
Scrolls
 c - 2 scrolls of teleportation
 f - a scroll of silence {unknown}
 l - a scroll of blinking {unknown}
Potions
 g - 2 potions of curing {unknown}
 i - 2 potions of haste {unknown}
 k - a potion of heal wounds {unknown}
 n - a potion of flight {unknown}


   Skills:
 + Level 4.6 Fighting
 + Level 1.2 Short Blades
 + Level 1.2 Long Blades
 + Level 1.2 Axes
 + Level 1.2 Maces & Flails
 + Level 4.6 Polearms
 + Level 1.2 Staves
 + Level 1.2 Slings
 + Level 1.2 Bows
 + Level 2.8 Crossbows
 + Level 2.8 Throwing
 + Level 1.2 Armour
 + Level 2.8 Dodging
 + Level 4.3 Stealth
 + Level 1.2 Shields
 + Level 1.2 Unarmed Combat
 + Level 1.2 Spellcasting
 + Level 1.0 Conjurations
 + Level 1.0 Hexes
 + Level 1.0 Summonings
 + Level 1.0 Necromancy
 + Level 1.0 Translocations
 + Level 1.0 Transmutations
 + Level 1.0 Fire Magic
 + Level 1.0 Ice Magic
 + Level 1.0 Air Magic
 + Level 1.0 Earth Magic
 + Level 1.0 Poison Magic
 + Level 1.3 Invocations
 + Level 2.8 Evocations


You had 5 spell levels left.
You didn't know any spells.
Your spell library contained the following spells:

 Spells                   Type           Power      Damage    Failure   Level
 Ensorcelled Hibernation  Hex/Ice        4%         N/A       54%         2
 Poisonous Vapours        Pois/Air       4%         N/A       54%         2
 Static Discharge         Conj/Air       2%         N/A       54%         2
 Spider Form              Tmut/Pois      1%         N/A       78%         3
 Freezing Cloud           Conj/Ice/Air   1%         6-21      100%        5
 Shadow Creatures         Summ           N/A        N/A       100%        6


Dungeon Overview and Level Annotations

Branches:
Dungeon (3/15)

Altars:
Makhleb

Shops:
D:3 !


Innate Abilities, Weirdness & Mutations

You have very sharp teeth.
Your uncanny sense of smell can sniff out nearby items.
Your experience applies equally to all skills.


Message History

The orc priest is moderately wounded.
The hobgoblin barely misses you.
The orc priest hits you but does no damage.
The hobgoblin hits you but does no damage.
You barely miss the orc priest.
The orc priest is moderately wounded.
The hobgoblin barely misses you. The endoplasm misses you.
The orc priest hits you but does no damage.
You hit the orc. Your bite misses the orc.
The orc is almost dead.
The endoplasm hits you but does no damage.
The hobgoblin barely misses you.
You riposte.
Your ring mail prevents you from hitting the hobgoblin.
The orc priest invokes the aid of Beogh against you.
Beogh smites you!
Your ring mail prevents you from hitting the orc priest.
The orc priest is moderately wounded.
The endoplasm freezes you.
You are frozen.
The hobgoblin closely misses you. The orc hits you with a +0 club.
The orc priest barely misses you.
You riposte.
You hit the orc priest.
The orc priest is heavily wounded.
The orc barely misses you.
You riposte.
You closely miss the orc.
An orc comes into view. It is wielding a +0 trident.
You hit the orc priest.
The orc priest is severely wounded.
The orc hits you but does no damage. The endoplasm closely misses you.
You riposte.
You hit the endoplasm.
The endoplasm is heavily wounded.
The hobgoblin hits you but does no damage.
The orc priest calls down the wrath of Beogh upon you.
Beogh smites you!
* * * LOW HITPOINT WARNING * * *
The orc barely misses you.
You riposte.
You hit the orc.
The orc is lightly wounded.
The orc hits you with a +0 club.
* * * LOW HITPOINT WARNING * * *
The endoplasm freezes you.
You are frozen.
You die...

#..# #.######## ###.###
#..###.# #...[.# #......#
######<#..^#
#.###########...##.######.
#.# ∆..................
####.# #####...##.#######
#....# #.......##.# ⌠.⌠..#
###...Jo..##.# .∩.#
..((((o@..##.# ⌠.⌠#.#
....o.go..##.. .....#
....########## ##.### #...
# .# . ##.# ...# ∆ ∆ ####


You could see an orc priest, 3 orcs, an endoplasm and a hobgoblin.

Vanquished Creatures
  4 adders (D:2)
  2 worms (D:2)
  An orc (D:3)
  3 ball pythons
  4 bats
  5 endoplasms
  4 goblins
  3 hobgoblins (D:2)
  10 jackals
  A quokka (D:1)
  A frilled lizard (D:2)
  A kobold (D:1)
  4 rats
43 creatures vanquished.

Notes
Turn   | Place    | Note
-------+----------+-------------------------------------------
     0 | D:1      | apoch the Gnoll Wanderer began the quest for the Orb.
     0 | D:1      | apoch set off with the following items: a +0 spear, a +2
                  | leather armour, a scroll of teleportation, a +0 dagger
     0 | D:1      | Reached XP level 1. HP: 20/20 MP: 1/1
   345 | D:1      | Reached XP level 2. HP: 26/26 MP: 2/2
   386 | D:1      | Found a faded altar of an unknown god.
   392 | D:1      | Became a worshipper of Makhleb the Destroyer
   392 | D:1      | Reached * piety under Makhleb
   742 | D:1      | Reached XP level 3. HP: 22/31 MP: 3/3
  1154 | D:2      | Reached skill level 1 in Invocations
  1483 | D:2      | Reached skill level 1 in Short Blades
  1483 | D:2      | Reached skill level 1 in Long Blades
  1483 | D:2      | Reached skill level 1 in Axes
  1483 | D:2      | Reached skill level 1 in Maces & Flails
  1483 | D:2      | Reached skill level 1 in Staves
  1483 | D:2      | Reached skill level 1 in Slings
  1483 | D:2      | Reached skill level 1 in Bows
  1483 | D:2      | Reached skill level 1 in Armour
  1483 | D:2      | Reached skill level 1 in Shields
  1483 | D:2      | Reached skill level 1 in Unarmed Combat
  1483 | D:2      | Reached skill level 1 in Spellcasting
  1488 | D:2      | Reached XP level 4. HP: 31/38 MP: 5/5
  1978 | D:2      | Reached ** piety under Makhleb
  2009 | D:2      | Got the Almanac of Air
  2457 | D:3      | Reached skill level 1 in Conjurations
  2457 | D:3      | Reached skill level 1 in Hexes
  2457 | D:3      | Reached skill level 1 in Summonings
  2457 | D:3      | Reached skill level 1 in Necromancy
  2457 | D:3      | Reached skill level 1 in Translocations
  2457 | D:3      | Reached skill level 1 in Transmutations
  2457 | D:3      | Reached skill level 1 in Fire Magic
  2457 | D:3      | Reached skill level 1 in Ice Magic
  2457 | D:3      | Reached skill level 1 in Air Magic
  2457 | D:3      | Reached skill level 1 in Earth Magic
  2457 | D:3      | Reached skill level 1 in Poison Magic
  2513 | D:3      | Found Icitt's Distillery.
  2631 | D:3      | Frozen to death by an endoplasm

Illustrated notes

Levels and vault maps discovered:
D:1:      giann_wishing_wells, layout_loops_corners,
          dreamdust_ecumenical_altar_angels_and_demons, minmay_crystal_room
D:2:      layout_basic
D:3:      layout_basic, serial_shops, shop_fountains, nrook_mini_vaults

Skill      XL: |  1  2  3  4 |
---------------+-------------+-----
Invocations    | 1 |  1.3
Short Blades   | 1 |  1.2
Long Blades    | 1 |  1.2
Axes           | 1 |  1.2
Maces & Flails | 1 |  1.2
Staves         | 1 |  1.2
Slings         | 1 |  1.2
Bows           | 1 |  1.2
Armour         | 1 |  1.2
Shields        | 1 |  1.2
Unarmed Combat | 1 |  1.2
Spellcasting   | 1 |  1.2
Conjurations   | 1 |  1.0
Hexes          | 1 |  1.0
Summonings     | 1 |  1.0
Necromancy     | 1 |  1.0
Translocations | 1 |  1.0
Transmutations | 1 |  1.0
Fire Magic     | 1 |  1.0
Ice Magic      | 1 |  1.0
Air Magic      | 1 |  1.0
Earth Magic    | 1 |  1.0
Poison Magic   | 1 |  1.0
Fighting       | |  4.6
Polearms       | |  4.6
Crossbows      | |  2.8
Throwing       | |  2.8
Dodging        | |  2.8
Stealth        | |  4.3
Evocations     | |  2.8

Action                   |  1- 3 |  4- 6 || total
-------------------------+-------+-------++-------
Melee: Spear             |    10 |       ||    10
       Long sword        |    60 |    51 ||   111
       Bite              |     5 |     4 ||     9
Throw: Stone             |       |    24 ||    24
 Stab: Sleeping          |     3 |     1 ||     4
Armor: Leather armour    |    25 |     9 ||    34
       Ring mail         |       |    25 ||    25
Dodge: Dodged            |    38 |    55 ||    93
       Rpst.: Long sword |    12 |    18 ||    30
